 Dungeon Crawl Stone Soup version 0.25.0-15-gac7dcb8919 (webtiles) character file.

Game seed: 16958521978914358026

224 sking99 the Digger (level 5, -4/41 HPs)
             Began as a Draconian Earth Elementalist on June 28, 2020.
             Was an Initiate of Ashenzari.
             Shot with an arrow by a centaur (6 damage)
             ... on level 4 of the Dungeon.
             The game lasted 00:07:43 (3395 turns).

sking99 the Digger (Draconian Earth Elementalist)   Turns: 3395, Time: 00:07:43

Health: -4/41      AC:  5    Str: 10    XL:     5   Next: 67%
Magic:  4/9        EV: 12    Int: 16    God:    Ashenzari [......]
Gold:   129        SH:  0    Dex: 12    Spells: 4/10 levels left

rFire    . . .     SeeInvis .   f - +1 dagger (protect)
rCold    . . .     Gourm    .   (no shield)
rNeg     . . .     Faith    .   (armour unavailable)
rPois    .         Spirit   .   o - +0 hat (curse)
rElec    .         Reflect  .   (no cloak)
rCorr    .         Harm     .   (no gloves)
MR       +....                  (no boots)
Stlth    ++........             (no amulet)
HPRegen  0.13/turn              k - ring of protection from magic
MPRegen  0.11/turn              (no ring)

@: no status effects
A: unfitting armour, cold-blooded, AC +5
a: Curse Item, Renounce Religion


You were on level 4 of the Dungeon.
You worshipped Ashenzari.
Ashenzari was noncommittal.
You were not hungry.

You visited 1 branch of the dungeon, and saw 4 of its levels.

You collected 129 gold pieces.

Inventory:

Hand Weapons
 f - a +1 dagger of protection (weapon)
Missiles
 b - 51 stones (quivered)
Armour
 o - a cursed +0 hat (worn)
Jewellery
 k - a ring of protection from magic (left hand)
Scrolls
 d - a scroll of enchant armour {unknown}
 g - 6 scrolls of identify {unknown}
 h - 4 scrolls of immolation {unknown}
 j - 2 scrolls of fear {unknown}
 m - a scroll of remove curse
Potions
 a - 2 potions of curing {unknown}
 e - a potion of cancellation {unknown}
 i - 2 potions of might {unknown}
 l - a potion of flight {unknown}
 n - a potion of brilliance {unknown}
 p - 3 potions of haste {unknown}
Comestibles
 c - 7 rations


   Skills:
 - Level 1.9 Fighting
 - Level 2.0 Dodging
 - Level 2.0 Stealth
 - Level 3.0 Spellcasting
 + Level 2.3 Conjurations
 - Level 1.0 Transmutations
 + Level 4.6 Earth Magic


You had 4 spell levels left.
You knew the following spells:

 Your Spells              Type           Power        Failure   Level  Hunger
a - Sandblast             Erth           ###...       2%          1    #......
b - Stone Arrow           Conj/Erth      ##....       13%         3    ###....
z - Passwall              Tmut/Erth      ##......     9%          2    ##.....

Your spell library contained the following spells:

 Spells                   Type           Power        Failure   Level  Hunger
 Petrify                  Tmut/Erth      ##......     52%         4    #####..
 Lee's Rapid Deconstruct  Erth           ###.......   61%         5    ######.


Dungeon Overview and Level Annotations

Branches:
Dungeon (4/15)
 Temple: D:4-7

Altars:
Ashenzari
Nemelex Xobeh
Ru


Innate Abilities, Weirdness & Mutations

Your plain brown scales are hard. (AC +5)
You cannot fit into any form of body armour.
You are cold-blooded and may be slowed by cold attacks.


Message History

Confirm with . or Enter, or press ? or * to list all spells.
Aiming: Sandblast (safe; 2% risk of failure)
Press: ? - help, Shift-Dir - straight line, f/p - iguana
Aim: an iguana (moderately wounded)
The blast of sand hits the iguana but does no damage.
The iguana is moderately wounded.
b - 51 stones The iguana bites you.
* * * LOW HITPOINT WARNING * * *
Casting: Sandblast (safe; 2% risk of failure)
Confirm with . or Enter, or press ? or * to list all spells.
You don't have enough magic to cast that spell.
Unknown command.
Your magical contamination has completely faded away.
The iguana bites you!
* * * LOW HITPOINT WARNING * * *
The centaur shoots an arrow.
The arrow barely misses you.
The centaur shoots an arrow.
The arrow misses you.
The centaur shoots an arrow.
The arrow hits you.
You die...

###### #....# #.<#.#
#######.#
........###########
>).........@.l....########
.)............c.s(........
.################..#######
##.# #.# #.## #..# ##s##
#..# #.


You could see a centaur, a scorpion and an iguana.

Vanquished Creatures
  A bullfrog skeleton (D:3)
  An orc wizard (D:2)
  3 gnolls (D:2)
  5 adders
  An ooze (D:3)
  A worm (D:4)
  A dart slug (D:1)
  2 leopard geckos
  4 orcs (D:3)
  3 ball pythons
  6 giant cockroaches
  11 goblins
  6 hobgoblins
  4 jackals (D:3)
  3 kobolds
  3 quokkas
  10 bats
  5 frilled lizards
  8 rats
78 creatures vanquished.

Vanquished Creatures (others)
  A dart slug (D:4)
1 creature vanquished.

Grand Total: 79 creatures vanquished

Notes
Turn   | Place    | Note
-------+----------+-------------------------------------------
     0 | D:1      | sking99 the Draconian Earth Elementalist began the quest
                  | for the Orb.
     0 | D:1      | Reached XP level 1. HP: 14/14 MP: 3/3
   153 | D:1      | Reached XP level 2. HP: 20/20 MP: 0/5
   891 | D:2      | Reached skill level 1 in Fighting
   891 | D:2      | Reached XP level 3. HP: 28/28 MP: 3/6
   977 | D:2      | Learned a level 2 spell: Passwall
   981 | D:2      | Learned a level 3 spell: Stone Arrow
  1090 | D:2      | Found a sacrificial altar of Ru.
  1099 | D:2      | Reached XP level 4. HP: 36/36 MP: 1/8
  1717 | D:2      | Reached skill level 4 in Earth Magic
  1719 | D:2      | Reached skill level 1 in Conjurations
  2056 | D:3      | Reached XP level 5. HP: 39/41 MP: 9/9
  2298 | D:3      | Found a shattered altar of Ashenzari.
  3135 | D:3      | Became a worshipper of Ashenzari the Shackled
  3320 | D:4      | Found a sparkling altar of Nemelex Xobeh.
  3346 | D:4      | Noticed a centaur
  3385 | D:4      | HP: 1/41 [iguana (11)]
  3395 | D:4      | Shot with an arrow by a centaur

Illustrated notes

Levels and vault maps discovered:
D:1:      minmay_arrival_jagged, layout_rooms, serial_bayou_pond_d,
          glass_columns_b
D:2:      layout_basic, nicolae_ru_great_annihilating_truth, first_ration
D:3:      layout_loops_ring, nicolae_overflow_crystal_walls
D:4:      corexii_shack_village, layout_basic,
          nemelex_xobeh_ov_fountains_minmay, fiery_altar_vehumet,
          ebering_ghost_disaster_area

Skill      XL: |  1  2  3  4  5 |
---------------+----------------+-----
Stealth        | 2 |  2.0
Dodging        | 2 |  2.0
Fighting       | 1 |  1.9
Spellcasting   | 3 |  3.0
Earth Magic    | 4 |  4.6
Conjurations   | 1 2 |  2.3
Transmutations | |  1.0

Action                   |  1- 3 |  4- 6 || total
-------------------------+-------+-------++-------
Melee: Unarmed           |     4 |       ||     4
       Dagger            |       |   118 ||   118
       Tailslap          |       |     9 ||     9
 Cast: Sandblast         |    42 |    40 ||    82
       Stone Arrow       |       |     8 ||     8
Invok: Curse Item        |       |     1 ||     1
 Stab: Sleeping          |       |     8 ||     8
  Eat: Chunk             |     1 |     8 ||     9
Armor: Skin              |     8 |    48 ||    56
Dodge: Dodged            |     9 |    80 ||    89
